 Dungeon Crawl Stone Soup version 0.30-a0-1112-gfb780f5df6 (webtiles) character file.

Game seed: 16570493849248445025

1500164 jt the Portalist (level 27, 140/149 (170) HPs)
             Began as a Spriggan Delver on Apr 19, 2023.
             Was the Champion of Dithmenos.
             Escaped with the Orb
             ... and 3 runes on Apr 22, 2023!
             The game lasted 10:21:12 (100031 turns).

jt the Portalist (Spriggan Delver)                Turns: 100031, Time: 10:21:12

HP:   140/149 (170) AC: 23    Str: 14    XL:     27
MP:   47/47         EV: 29    Int: 33    God:    Dithmenos [******]
Gold: 27            SH: 10    Dex: 22    Spells: 0/64 levels left

rFire   + . .      SeeInvis +    a - +9 dagger of Fyh Cuacal {drain, Fragile rElec Int+9}
rCold   + . .      Faith    .    j - +2 buckler of Orominyo {rPois rF+}
rNeg    + . .      Spirit   .    U - +7 pearl dragon scales
rPois   +          Reflect  .    (helmet restricted)
rElec   +          Rampage  +    G - +0 cloak of Prudence {Rampage Str+2 Dex+2}
rCorr   .                        (gloves unavailable)
Will    ++++.                    (boots unavailable)
Stlth   ++                       N - amulet of Day {RegenMP +Blink}
HPRegen 0.44/turn                B - +6 ring of intelligence
MPRegen 0.70/turn                W - ring of protection from cold

@: wreathed by umbra, studying 2 skills, heavily drained, very quick
A: very small, no large weapons, unfitting armour, see invisible, speed 3,
robust 1, inability to read after injury 1, MP-powered wands
0: Orb of Zot
}: 3/15 runes: decaying, serpentine, abyssal
a: Renounce Religion, Evoke Blink, Shadow Step, Shadow Form


You escaped.
You worshipped Dithmenos.
Dithmenos was exalted by your worship.
You visited 13 branches of the dungeon, and saw 52 of its levels.
You visited the Abyss 2 times.
You visited 1 bazaar.
You visited 1 ziggurat, and saw 10 of its levels.
You also visited: Trove, Gauntlet and Wizlab.

You collected 8306 gold pieces.
You spent 8279 gold pieces at shops.

Inventory:

Hand Weapons
 a - the +9 dagger of Fyh Cuacal (weapon) {drain, Fragile rElec Int+9}
   (You found it on level 4 of the Lair of Beasts)

   Int:       It affects your intelligence (+9).
   rElec:     It insulates you from electricity.
   Fragile:   It will be destroyed if unequipped.
 s - the +3 Elemental Staff {rElec rF+ rC+ AC+3}
   (You found it on level 3 of a ziggurat)

   It enhances your fire, ice, earth and air magic.
   AC:        It affects your AC (+3).
   rF:        It protects you from fire.
   rC:        It protects you from cold.
   rElec:     It insulates you from electricity.
Missiles
 d - 8 curare-tipped darts
 o - 8 throwing nets
Armour
 j - the +2 buckler of Orominyo (worn) {rPois rF+}
   (You took it off a spriggan on level 4 of the Swamp)

   rF:        It protects you from fire.
   rPois:     It protects you from poison.
 n - a +2 cloak of preservation
 G - the +0 cloak of Prudence (worn) {Rampage Str+2 Dex+2}
   (You took it off a draconian annihilator on level 4 of the Realm of Zot)

   Str:       It affects your strength (+2).
   Dex:       It affects your dexterity (+2).
   Rampage:   It bestows one free step when moving towards enemies.
 U - +7 pearl dragon scales (worn)
Jewellery
 k - the ring of Ylazaady {rElec Will+ rCorr}
   (You found it on level 10 of a ziggurat)

   [ring of resist corrosion]

   rElec:     It insulates you from electricity.
   rCorr:     It protects you from acid and corrosion.
   Will:      It increases your willpower.
 B - a +6 ring of intelligence (left hand)
 D - a ring of poison resistance
 N - the amulet of Day (around neck) {RegenMP +Blink}
   (You found it on level 7 of the Dungeon)

   [amulet of magic regeneration]

   It increases your rate of magic regeneration.
   +Blink:    It lets you blink.
 S - the ring "Runnaod" {*Corrode rElec rN+ Will+++ Int+6}
   (You found it on level 7 of a ziggurat)

   [ring of intelligence]

   Int:       It affects your intelligence (+6).
   rElec:     It insulates you from electricity.
   rN:        It protects you from negative energy.
   *Corrode:  It may corrode you when you take damage.
   Will:      It greatly increases your willpower.
 W - a ring of protection from cold (right hand)
Wands
 g - a wand of digging (33)
 u - a wand of flame (103)
 y - a wand of charming (48)
 Q - a wand of mindburst (36)
 V - a wand of polymorph (6)
 X - a wand of light (4)
 Z - a wand of iceblast (14)
Scrolls
 e - 8 scrolls of immolation
 f - 6 scrolls of blinking
 i - 17 scrolls of fog
 m - 3 scrolls of enchant weapon
 p - 5 scrolls of fear
 q - 17 scrolls of teleportation
 r - 3 scrolls of magic mapping
 t - 7 scrolls of vulnerability
 v - 9 scrolls of poison
 M - a scroll of silence
 R - 5 scrolls of amnesia
Potions
 b - 3 potions of heal wounds
 c - 7 potions of haste
 l - 5 potions of flight
 w - 25 potions of curing
 x - 5 potions of lignification
 z - 3 potions of berserk rage
 A - 9 potions of ambrosia
 C - 8 potions of cancellation
 E - 10 potions of might
 F - 2 potions of resistance
 H - 13 potions of brilliance
 J - 8 potions of mutation
 K - 3 potions of invisibility
Miscellaneous
 h - a phial of floods
 I - the horn of Geryon (inert)
 L - a phantom mirror (inert)
 T - a tin of tremorstones (2/2)
 Y - a box of beasts


   Skills:
 + Level 19.4 Fighting
 - Level 10.0 Short Blades
 - Level 2.0 Throwing
 - Level 12.0 Armour
 - Level 21.6 Dodging
 - Level 11.4 Stealth
 - Level 10.1 Shields
 - Level 19.4 Spellcasting
 - Level 7.0 Conjurations
 - Level 12.0 Summonings
 + Level 3.0 Necromancy
 - Level 23.9 Translocations
 - Level 8.0 Transmutations
 - Level 4.0 Fire Magic
 - Level 6.0 Ice Magic
 - Level 3.0 Air Magic
 - Level 9.0 Earth Magic
 - Level 9.0 Poison Magic
 - Level 14.1 Invocations
 - Level 16.0 Evocations


You couldn't memorise any spells.
You knew the following spells:

 Your Spells              Type           Power      Damage    Failure   Level
a - Sting                 Tmut/Pois      100%       1d8       1%          1
b - Poisonous Vapours     Pois/Air       100%       N/A       1%          2
c - Ozocubu's Armour      Ice            64%        N/A       1%          3
d - Olgreb's Toxic Radia  Pois           74%        N/A       1%          4
e - Iskenderun's Mystic   Conj/Tloc      94%        2d18      1%          4
f - Apportation           Tloc           100%       N/A       0%          1
g - Ignite Poison         Fire/Tmut/Pois 67%        N/A       1%          3
h - Passage of Golubria   Tloc           100%       N/A       0%          4
i - Dispersal             Tloc           56%        N/A       1%          6
j - Frozen Ramparts       Ice            100%       1d16      1%          3
k - Summon Forest         Summ/Tloc      50%        N/A       1%          5
l - Stone Arrow           Conj/Erth      100%       3d13      1%          3
m - Animate Armour        Summ/Erth      100%       N/A       1%          4
n - Vhi's Electric Charg  Tloc/Air       100%       N/A       1%          3
o - Borgnjor's Vile Clut  Necr/Erth      32%        N/A       16%         5
p - Disjunction           Tloc           56%        N/A       2%          8
q - Lee's Rapid Deconstr  Erth           37%        3d18*     4%          5

Your spell library contained the following spells:

 Spells                   Type           Power      Damage    Failure   Level
 Blink                    Tloc           100%       N/A       0%          2
 Lesser Beckoning         Tloc           100%       N/A       0%          2
 Gell's Gravitas          Tloc           100%       N/A       0%          3
 Teleport Other           Tloc           100%       N/A       0%          3
 Manifold Assault         Tloc           100%       N/A       0%          4
 Beastly Appendage        Tmut           100%       N/A       1%          1
 Foxfire                  Conj/Fire      100%       2x1d9     1%          1
 Freeze                   Ice            100%       1d10      1%          1
 Necrotise                Necr           100%       1d9       1%          1
 Shock                    Conj/Air       100%       1d9       1%          1
 Summon Small Mammal      Summ           100%       N/A       1%          1
 Cigotuvi's Dreadful Rot  Necr/Pois/Air  100%       N/A       1%          2
 Static Discharge         Conj/Air       100%       2-7/arc   1%          2
 Wereblood                Tmut           71%        N/A       1%          2
 Call Canine Familiar     Summ           84%        N/A       1%          3
 Hailstorm                Conj/Ice       66%        3d14      1%          3
 Mephitic Cloud           Conj/Pois/Air  65%        N/A       1%          3
 Portal Projectile        Hex/Tloc       100%       N/A       1%          3
 Spider Form              Tmut/Pois      73%        N/A       1%          3
 Summon Guardian Golem    Hex/Summ       64%        N/A       1%          3
 Volatile Blastmotes      Fire/Tloc      100%       2d18      1%          3
 Summon Ice Beast         Ice/Summ       74%        N/A       1%          4
 Ice Form                 Ice/Tmut       67%        N/A       3%          4
 Summon Lightning Spire   Summ/Air       69%        N/A       3%          4
 Dazzling Flash           Conj/Hex       100%       N/A       4%          3
 Swiftness                Air            51%        N/A       6%          3
 Vampiric Draining        Necr           51%        2d9       6%          3
 Alistair's Intoxication  Tmut/Pois      48%        N/A       6%          5
 Slow                     Hex            100%       N/A       7%          1
 Flame Wave               Conj/Fire      62%        2d14      7%          4
 Sticky Flame             Conj/Fire      62%        2d8       7%          4
 Blade Hands              Tmut           35%        N/A       7%          5
 Inner Flame              Hex/Fire       45%        N/A       9%          3
 Irradiate                Conj/Tmut      34%        3d23      9%          5
 Leda's Liquefaction      Hex/Erth       28%        N/A       11%         4
 Iskenderun's Battlesphe  Conj           67%        2d12      11%         5
 Animate Dead             Necr           51%        N/A       19%         4
 Dispel Undead            Necr           51%        3d19      19%         4
 Confusing Touch          Hex            32%        N/A       21%         3
 Tukima's Dance           Hex            32%        N/A       21%         3
 Airstrike                Air            25%        2d(4-20)  21%         4
 Fireball                 Conj/Fire      31%        3d13      21%         5
 Freezing Cloud           Conj/Ice/Air   30%        6-21      22%         5
 Arcjolt                  Conj/Air       30%        1d40      24%         5
 Eringya's Noxious Bog    Tmut/Pois      36%        N/A       32%         6
 Statue Form              Tmut/Erth      48%        N/A       32%         6
 Anguish                  Hex/Necr       21%        N/A       36%         4
 Yara's Violent Unravell  Hex/Tmut       27%        3d12      36%         5
 Iron Shot                Conj/Erth      35%        9d7       36%         6
 Summon Hydra             Summ           42%        N/A       38%         7
 Metabolic Englaciation   Hex/Ice        25%        N/A       50%         5
 Cause Fear               Hex            16%        N/A       56%         4
 Silence                  Hex/Air        20%        N/A       71%         5
 Starburst                Conj/Fire      31%        6d9       73%         6
 Spellforged Servitor     Conj/Summ      38%        N/A       75%         7
 Conjure Ball Lightning   Conj/Air       30%        3x3d10    80%         6
 Simulacrum               Ice/Necr       29%        N/A       86%         6
 Plasma Beam              Fire/Air       26%        2x1d42    94%         6
 Haunt                    Necr/Summ      34%        N/A       95%         7
 Death Channel            Necr           25%        N/A       96%         6
 Orb of Destruction       Conj           33%        9d10      97%         7
 Enfeeble                 Hex            16%        N/A       100%        7
 Borgnjor's Revivificati  Necr           25%        N/A       100%        8
 Discord                  Hex            16%        N/A       100%        8
 Ignition                 Fire           27%        3d9       100%        8
 Infestation              Necr           25%        N/A       100%        8
 Lehudib's Crystal Spear  Conj/Erth      35%        10d9      100%        8
 Maxwell's Capacitive Co  Air            25%        ∞         100%        8
 Necromutation            Tmut/Necr      31%        N/A       100%        8
 Chain Lightning          Conj/Air       30%        3d40      100%        9
 Death's Door             Necr           25%        N/A       100%        9
 Fire Storm               Conj/Fire      31%        8d8       100%        9
 Shatter                  Erth           37%        3d29*     100%        9


Dungeon Overview and Level Annotations

Branches:
Dungeon (15/15)            Temple (1/1) D:5            Lair (5/5) D:9
  Swamp (4/4) Lair:3        Snake (4/4) Lair:2        Slime (0/5) Lair:4
    Orc (2/2) D:11            Elf (3/3) Orc:2        Vaults (4/5) D:14
  Crypt (3/3) Vaults:3       Tomb (1/3) Crypt:3      Depths (4/4) D:15
   Hell (visited)             Dis (0/7) Hell            Geh (0/7) Hell
    Coc (0/7) Hell            Tar (0/7) Hell            Zot (5/5) Depths:4
 WizLab (visited)         Gauntlet (visited)

Altars:
Ashenzari
Cheibriados
Dithmenos
Elyvilon
Gozag
Kikubaaqudgha
Nemelex Xobeh
Ru
Sif Muna
Xom
Yredelemnul
Zin
The Shining One
Jiyva

Shops:
D:5 [   D:6 !   D:8 [   D:12 [=!:(?=!?   D:14 =   Orc:2 =:!!   Elf:2 [
Vaults:1 *[[   Vaults:4 *   Depths:2 *   Depths:4 *(*

Portals:
Hell: Depths:1 Depths:2 Depths:3 Depths:4
Abyss: Depths:1 Depths:3
Pandemonium: Depths:2 Depths:3

Annotations:
D:13 exclusion: obsidian statue
Swamp:1 Mlioglotl
Elf:2 3 runed translucent doors, Roxanne
Tomb:1 Khufu
Zot:2 exclusion: 2 orbs of fire


Innate Abilities, Weirdness & Mutations

You are very small and have problems with some larger weapons.
You are too small for most types of armour.
You have supernaturally acute eyesight. (SInv)
You cover ground extremely quickly. (Speed+++)
You are robust. (+10% HP)
You occasionally lose the ability to read scrolls when taking damage.
You expend magic power (3 MP) to strengthen your wands.


Message History

Charge where?
Press: ? - help, Dir - move target, f - hell hog, p - hell hog
Aim: a hell hog (umbra, 90% to hit)
You charge forward with an electric crackle!
You puncture the hell hog and electrocute it!
The hell hog is lightly wounded.
Unknown command.
You hit the hell hog.
The hell hog is moderately wounded.
Your shadow barely misses the hell hog.
The hell hog completely misses you.
The hell hog bites you but does no damage.
Casting: Vhi's Electric Charge (safe; 1% risk of failure)
Confirm with . or Enter, or press ? or * to list all spells.
The hell hog blinks! x4
The hell hog breathes fire at you.
The fireball explodes!
The fireball engulfs you. You resist.
The hell hog blinks!
The hell hog breathes fire at you.
The fireball explodes!
The fireball engulfs you! You resist. The hell hog breathes fire at you.
The fireball explodes!
The fireball engulfs you! You resist. The hell hog breathes fire at you.
The fireball explodes!
The fireball engulfs you! You resist.
The translocation energy dissipates.
Magic restored.
There is a stone staircase leading up here.
You climb upwards.
There is a stone staircase leading down here.
(D) Dungeon (T) Temple (L) Lair (S) Swamp (P) Snake Pit (M) Slime Pits (O) Orcish Mines (E) Elven Halls (V) Vaults (C) Crypt (W) Tomb (U) Depths (H) Hell (I) Dis (G) Gehenna (X) Cocytus (Y) Tartarus (Z) Zot
Where to? (Enter - D:1 @ (x,y), ? - help)
What level of the Dungeon? (default 1, ? - help)
You see here a +0 ring mail of fire resistance.
You see here a +0 ring mail.
You see here a +0 dagger.
There is a staircase leading out of the dungeon here.
You have escaped!

###### #.@>.#
#....# ### #....#
##.## #.§§§#
##.#.##
#§§§§###.###)######
####§...## ##[.....
#§###.###.###.##
#.# ##.#.## #.# #.#
##.## #.#


There were no monsters in sight!

Vanquished Creatures
  3 ancient liches
  the Lernaean hydra (Swamp:4)
  3 Killer Klowns
  2 caustic shrikes
  3 golden dragons
  Geryon (Hell)
  Nikola (Swamp:3)
  A profane servitor (Crypt:3)
  Zenata (Crypt:1)
  3 electric golems
  A hellephant (Crypt:1)
  12 tentacled monstrosities
  3 liches
  A walking earthen tome (Depths:2)
  A walking frostbound tome (Depths:4)
  8 Orb Guardians (Zot:5)
  2 titans
  2 deep elf blademasters (Elf:3)
  4 deep elf master archers (Elf:3)
  4 quicksilver dragons
  2 ancient champions (Crypt:3)
  2 tentacled starspawn (Abyss:3)
  3 tengu reavers
  8 death cobs
  4 sphinxes
  4 shadow dragons
  3 nagarajas (Snake:4)
  4 draconian monks
  8 fire giants
  A thorn hunter (Swamp:1)
  3 balrugs
  13 storm dragons
  A demonspawn warmonger (Abyss:3)
  A revenant (Crypt:1)
  6 deep elf sorcerers
  3 draconian scorchers
  17 vault wardens
  3 frost giants
  An iron dragon (Depths:4)
  5 draconian knights
  The ghost of Omutsoge the Thaumaturge, a journeyman GnWr of Okawaru (Snake:1)
  3 ghost moths
  4 ghouls
  A curse skull (Crypt:2)
  2 orc warlords
  4 draconian shifters
  9 draconian annihilators
  5 deep elf elementalists (Elf:3)
  7 draconian stormcallers
  16 stone giants
  4 reapers (Hell)
  21 ironbound preservers
  19 very ugly things
  12 ironbound thunderhulks
  3 war gargoyles
  3 vampire knights
  5 deep elf demonologists
  9 black draconians
  5 green draconians
  11 yellow draconians
  6 spark wasps
  7 dire elephants
  7 eleionomae
  6 deep elf annihilators (Elf:3)
  13 white draconians
  12 red draconians
  An orange crystal statue (WizLab)
  A bunyip (Swamp:4)
  14 purple draconians
  2 quicksilver dragon zombies
  A merfolk javelineer (Depths:3)
  A merfolk impaler (Depths:3)
  4 ettins
  13 deep elf death magi
  2 shambling mangroves
  A mummy priest (Crypt:3)
  Josephine (D:12)
  5 deep elf high priests
  11 yaktaur captains
  9 jiangshi
  6 fire dragons
  2 spriggan zombies
  7 entropy weavers
  The ghost of Buethreca the Zephyrmancer, a journeyman TeAE of Vehumet (Lair:4)
  3 great orbs of eyes
  6 spriggan air magi
  11 vault guards
  3 rakshasas
  15 hydras
  7 ice dragons
  A hell beast (Hell)
  4 ogre magi (Orc:2)
  2 salamander tyrants (Snake:2)
  7 anacondas
  28 centaur warriors
  A merfolk avatar (Lair:5)
  7 alligators
  8 boulder beetles
  13 dancing weapons
  4 ironbound frosthearts
  7 deep troll shamans
  14 two-headed ogres
  12 naga warriors
  8 tengu warriors
  3 vampire magi (Crypt:1)
  2 hell hogs (Hell)
  13 naga sharpshooters
  11 deep troll earth magi
  11 spriggan berserkers
  6 shock serpents
  3 death yaks
  2 storm dragon zombies (Depths:3)
  19 hell knights
  9 soul eaters
  A sun demon (Hell)
  Nergalle (D:10)
  A skyshark (Lair:5)
  7 deep elf knights
  A titan skeleton (Depths:3)
  The ghost of t4s4d4r the Skirmisher, a novice DgHu (D:8)
  3 skeletal warriors
  6 iron trolls
  A salamander mystic (Snake:2)
  2 wretched stars
  6 large abominations (Abyss:3)
  4 goliath frogs
  2 storm dragon skeletons (Zot:4)
  7 spriggan druids
  An orb spider (Zig:2)
  18 swamp dragons
  6 flayed ghosts
  A shadow demon (Depths:3)
  2 obsidian statues
  9 deep elf archers
  A tengu zombie (Vaults:1)
  64 deep trolls
  6 naga ritualists
  A glowing orange brain (Depths:1)
  5 bog bodies
  5 orc knights
  11 lindwurms
  6 wizards
  10 mana vipers
  4 phantasmal warriors
  15 ironbound convokers
  A sphinx zombie (Depths:2)
  20 deep elf pyromancers
  14 deep elf zephyrmancers
  4 harpies
  16 necromancers
  36 ugly things
  A jorogumo zombie (Crypt:3)
  A wolf spider (Zig:2)
  13 salamanders
  2 will-o-the-wisps
  A faun (Zig:5)
  An eleionoma zombie (Crypt:3)
  A wolf spider (shapeshifter) (Depths:4)
  2 manticores
  A frost giant zombie (Depths:2)
  8 cyclopes
  A faun (shapeshifter) (D:15)
  A worldbinder (Abyss:3)
  4 orc sorcerers
  A goliath frog skeleton (Crypt:1)
  13 elephants
  16 moths of wrath
  3 guardian serpents
  19 vault sentinels
  16 naga magi
  A stone giant skeleton (Crypt:1)
  A molten gargoyle (Hell)
  A black mamba (shapeshifter) (Elf:3)
  2 torpor snails
  34 black mambas
  7 rust devils
  5 smoke demons
  A gargoyle (Zig:7)
  An ice statue (Hell)
  An orange demon (Depths:3)
  A naga skeleton (Abyss:3)
  A centaur skeleton (Hell)
  An orb spider zombie (Crypt:2)
  15 cane toads
  3 hellions (Crypt:1)
  Maggie (D:6)
  A kobold demonologist (D:11)
  9 komodo dragons
  3 rime drakes
  An efreet (D:15)
  33 yaktaurs
  6 guardian mummies
  Psyche (D:10)
  4 ice devils
  A freezing wraith (Vaults:1)
  3 tengu conjurers
  2 red devils
  2 ancient zymes (Abyss:3)
  5 bloated husks
  7 trolls
  A polar bear (Lair:5)
  A wind drake (shapeshifter) (Vaults:1)
  9 tyrant leeches
  18 hornets
  8 raiju
  13 blink frogs
  36 slime creatures
  3 air elementals
  A fire dragon skeleton (Crypt:1)
  7 wraiths
  A ynoxinul (D:14)
  A centaur simulacrum (D:14)
  12 spriggans
  7 shadows
  A wind drake zombie (Crypt:3)
  6 small abominations
  A vampire (D:10)
  2 basilisks
  12 water elementals
  8 wyverns
  An ushabti (Crypt:3)
  4 fire bats (Abyss:3)
  42 yaks
  An ettin skeleton (Hell)
  4 fire elementals
  A chaos spawn (Abyss:3)
  5 steam dragons
  6 redbacks
  A redback (shapeshifter) (Elf:2)
  10 vampire mosquitoes
  26 swamp worms
  A merfolk zombie (Crypt:1)
  4 acid dragons
  41 nagas
  8 water moccasins
  A hydra simulacrum (Hell)
  Duvessa (D:6)
  A water nymph skeleton (Crypt:3)
  A two-headed ogre skeleton (Crypt:2)
  A floating eye (shapeshifter) (Zig:9)
  A floating eye (Depths:4)
  9 swamp drakes
  A cane toad skeleton (Crypt:2)
  20 orc warriors
  5 sky beasts
  4 black bears
  28 ogres
  A human skeleton (Vaults:1)
  7 wolves
  19 centaurs
  2 kobold brigands
  A gnoll sergeant (D:9)
  5 scorpions
  6 bullfrogs
  5 earth elementals
  A glowing shapeshifter simulacrum (Depths:3)
  2 necrophages
  A wyvern skeleton (Crypt:2)
  Dowan (D:6)
  A queen bee zombie (Crypt:2)
  5 troll zombies
  10 killer bees
  2 electric eels
  6 howler monkeys
  5 jellies
  A quasit (Abyss:3)
  16 orc priests
  A basilisk zombie (Crypt:2)
  3 hounds
  A gnoll bouda (D:8)
  28 orc wizards
  2 sleepcaps
  6 hell rats (Lair:5)
  4 ogre zombies (D:11)
  A mummy (Tomb:1)
  12 gnolls
  6 adders
  A shadow imp (D:5)
  A white imp (D:6)
  3 ufetubi
  A lava snake zombie (Crypt:3)
  5 worms
  A dart slug (D:4)
  57 orcs
  5 ball pythons
  7 endoplasms
  3 giant cockroaches
  A gnoll zombie (Crypt:2)
  14 goblins
  8 hobgoblins
  13 jackals
  15 kobolds
  12 quokkas
  4 bats (D:1)
  4 frilled lizards
  A gnoll skeleton (Crypt:1)
  A goblin skeleton (D:11)
  A goblin zombie (D:11)
  5 hobgoblin zombies (D:11)
  A kobold skeleton (Crypt:3)
  2 orc skeletons (D:11)
  13 orc zombies (D:11)
  4 rats
  A bush (D:7)
  20 butterflies
1965 creatures vanquished.

Vanquished Creatures (collateral kills)
  2 dread liches
  2 ancient liches
  A Killer Klown (Zot:5)
  Xtahua (Crypt:1)
  2 golden dragons
  4 curse toes
  A profane servitor (Crypt:3)
  A doom hound (Hell)
  An electric golem (Zot:5)
  A hellephant (Hell)
  6 tentacled monstrosities
  4 liches
  5 Orb Guardians (Zot:5)
  2 quicksilver dragons
  2 death cobs
  6 ancient champions
  7 shadow dragons
  3 storm dragons
  3 nagarajas
  2 revenants (Crypt:3)
  A frost giant (Depths:4)
  3 draconian monks
  An iron dragon (Hell)
  A draconian scorcher (Zot:4)
  3 ghouls
  A balrug (Hell)
  2 ironbound preservers
  A reaper (Zig:4)
  A caustic shrike skeleton (Crypt:2)
  2 very ugly things (Depths:3)
  2 ophanim (Depths:2)
  4 vampire knights
  3 black draconians
  3 green draconians
  2 yellow draconians (Zot:3)
  3 white draconians
  A red draconian (Zot:3)
  A minotaur (Lair:4)
  2 mummy priests (Crypt:3)
  6 eidola
  5 jiangshi
  A crystal guardian (Vaults:4)
  A yaktaur captain (Vaults:3)
  2 shambling mangroves
  2 blizzard demons
  A fire dragon (Depths:3)
  A hell beast (D:5)
  A quicksilver dragon skeleton (Crypt:2)
  A fenstrider witch zombie (Crypt:2)
  A vault guard (Vaults:2)
  A rakshasa (Depths:3)
  A peacekeeper (Vaults:4)
  A kraken zombie (Hell)
  2 ironbound frosthearts
  A death knight (Crypt:1)
  2 ghost crabs
  2 anacondas
  2 vampire magi
  2 naga sharpshooters
  A shock serpent (Snake:3)
  6 hell knights
  4 soul eaters
  4 sun demons
  A titan skeleton (Depths:3)
  A shadow wraith (Crypt:3)
  An iron troll (Depths:3)
  22 skeletal warriors
  2 flayed ghosts (Crypt:2)
  A bunyip zombie (Crypt:3)
  An anaconda zombie (Hell)
  A storm dragon skeleton (Crypt:1)
  A deep troll (Vaults:3)
  A bog body (Crypt:2)
  A swamp dragon (Zig:8)
  A naga ritualist (Snake:4)
  A kraken simulacrum (Hell)
  A tengu zombie (Vaults:4)
  2 phantasmal warriors
  A harpy (Vaults:1)
  A lindwurm (shapeshifter) (Zig:9)
  2 mana vipers (Snake:2)
  A frost giant zombie (Vaults:1)
  A human zombie (Vaults:4)
  2 naga zombies
  4 black mambas
  A moth of wrath (Zot:2)
  An elephant (Lair:4)
  A stone giant skeleton (Crypt:1)
  5 rust devils
  An ice statue (Hell)
  4 molten gargoyles (Hell)
  A demonic crawler (Depths:4)
  3 centaur zombies
  4 smoke demons
  A cane toad (Lair:4)
  A human skeleton (Vaults:1)
  A yaktaur (Vaults:4)
  A naga skeleton (Crypt:3)
  A catoblepas zombie (Crypt:1)
  An anaconda simulacrum (Crypt:3)
  4 freezing wraiths
  5 guardian mummies
  2 harpy zombies
  4 ice devils
  A red devil (Depths:3)
  2 hydra skeletons (Hell)
  A hornet (Swamp:2)
  A harpy skeleton (Tomb:1)
  A tengu simulacrum (Depths:3)
  2 alligator zombies (Hell)
  A sphinx simulacrum (Vaults:4)
  An ettin zombie (Crypt:3)
  2 slime creatures (Vaults:3)
  2 water elementals
  A wraith (Crypt:2)
  A spriggan (Zig:8)
  A slime creature zombie (Crypt:2)
  An ettin skeleton (Crypt:3)
  4 neqoxecs (Depths:3)
  An ushabti (Tomb:1)
  A two-headed ogre zombie (Crypt:3)
  2 vampire mosquitoes
  14 nagas
  A hydra simulacrum (Hell)
  A water nymph skeleton (Crypt:2)
  An entropy weaver zombie (Crypt:3)
  2 nameless horrors
  3 necrophages
  An earth elemental (Zig:3)
  A troll zombie (Crypt:2)
  A shapeshifter skeleton (Crypt:1)
  A boggart zombie (Crypt:3)
  A tengu skeleton (Crypt:1)
  2 acid dragon skeletons (Crypt:1)
  A tentacle (Hell)
292 creatures vanquished.

Vanquished Creatures (others)
  A draconian stormcaller (Zot:4)
  A hydra (Swamp:1)
  A hellion (Crypt:1)
  A wraith (Crypt:3)
  A naga (Snake:4)
  2 orcs
  A hobgoblin skeleton (D:11)
  2 orc zombies (D:11)
  7 foxfires (Swamp:3)
  21 fungi
  85 plants
  31 snaplasher vines
  4 starspawn tentacles (Abyss:3)
  15 tentacles
173 creatures vanquished.

Grand Total: 2430 creatures vanquished

Notes
Turn   | Place    | Note
-------+----------+-------------------------------------------
     0 | D:5      | jt the Spriggan Delver began the quest for the Orb.
     0 | D:5      | Reached XP level 1. HP: 11/11 MP: 2/2
    27 | D:5      | Noticed a centaur
    76 | D:5      | Found a shimmering altar of Xom.
    99 | D:5      | Noticed a jelly
   150 | D:5      | Noticed an orc priest
   202 | D:6      | Found a shadowy altar of Dithmenos.
   207 | D:6      | Noticed a sleepcap
   208 | D:6      | Became a worshipper of Dithmenos the Shadowed
   227 | D:6      | Noticed a jelly
   342 | D:6      | Noticed a bullfrog
   345 | D:6      | Killed a bullfrog
   346 | D:6      | Reached XP level 2. HP: 16/16 MP: 3/3
   346 | D:6      | Reached XP level 3. HP: 20/20 MP: 4/4
   388 | D:6      | Noticed Duvessa
   407 | D:6      | Noticed a yak
   409 | D:6      | Noticed a yak
   409 | D:6      | Noticed a yak
   410 | D:6      | Noticed a centaur
   410 | D:6      | Noticed a yak
   410 | D:6      | Noticed a yak
   515 | D:5      | Found Susanowo's Dragon-Slaying Spoils.
   651 | D:5      | Reached XP level 4. HP: 12/24 MP: 5/5
   869 | D:2      | Learned a level 1 spell: Sting
   904 | D:2      | Identified the +5 quarterstaff of the Kissing Soothsayer
                  | {pain, *Rage Dex+7 SInv}
  1130 | D:1      | Reached * piety under Dithmenos
  1241 | D:1      | Found a faded altar of an unknown god.
  2064 | D:2      | Reached XP level 5. HP: 28/28 MP: 6/6
  2102 | D:2      | Reached ** piety under Dithmenos
  2465 | D:2      | Reached skill level 1 in Transmutations
  3076 | D:3      | Reached skill level 1 in Spellcasting
  3283 | D:4      | Noticed a black bear
  3305 | D:4      | Reached skill level 1 in Poison Magic
  3305 | D:4      | Reached XP level 6. HP: 32/32 MP: 7/9
  3390 | D:4      | Reached skill level 5 in Dodging
  3681 | D:4      | Reached XP level 7. HP: 37/37 MP: 11/11
  4505 | D:5      | Reached *** piety under Dithmenos
  4667 | D:5      | Reached skill level 5 in Short Blades
  5188 | D:5      | Found a staircase to the Ecumenical Temple.
  5199 | Temple   | Entered the Ecumenical Temple
  5204 | D:5      | Identified the +4 short sword "Malikuab" {antimagic, rC+
                  | Int+3}
  5458 | D:5      | Reached skill level 1 in Evocations
  5565 | D:5      | Found a shimmering blue altar of Sif Muna.
  5659 | D:6      | Reached XP level 8. HP: 35/42 MP: 1/12
  5858 | D:6      | Reached skill level 5 in Fighting
  6071 | D:6      | Noticed Dowan
  6086 | D:6      | Killed Duvessa
  6096 | D:6      | Found Derev's Distillery.
  6105 | D:6      | Bought a potion of mutation for 112 gold pieces
  6105 | D:6      | Bought a potion of degeneration for 14 gold pieces
  6119 | D:6      | Noticed Maggie
  6164 | D:6      | Killed Maggie
  6232 | D:6      | Bought a potion of heal wounds for 70 gold pieces
  6315 | D:6      | Killed Dowan
  6380 | D:6      | Reached XP level 9. HP: 26/48 MP: 0/13
  7151 | D:7      | Identified the amulet of Day {RegenMP +Blink}
  7425 | D:7      | Reached **** piety under Dithmenos
  7426 | D:7      | Reached skill level 1 in Throwing
  8205 | D:8      | Found a snail-covered altar of Cheibriados.
  8262 | D:8      | Reached skill level 10 in Dodging
  8589 | D:8      | Noticed an 11-headed hydra
  8589 | D:8      | Noticed t4s4d4r's ghost (novice DgHu)
  8590 | D:8      | Found a runed translucent gate.
  8591 | D:8      | Found a runed translucent gate.
  8591 | D:8      | Found a runed translucent gate.
  8746 | D:8      | Reached XP level 10. HP: 49/53 MP: 4/14
  8772 | D:8      | Found Tiujead's Armour Shoppe.
  8912 | D:8      | Found a sacrificial altar of Ru.
  9220 | D:8      | Found a white marble altar of Elyvilon.
  9221 | D:8      | Noticed a brown ugly thing
  9287 | D:8      | Learned a level 2 spell: Poisonous Vapours
  9808 | D:9      | Reached skill level 1 in Air Magic
  9848 | D:9      | Found a sparkling altar of Nemelex Xobeh.
 10648 | D:9      | Found a staircase to the Lair.
 10759 | D:9      | Found a glowing silver altar of Zin.
 10834 | D:9      | Reached skill level 10 in Short Blades
 11081 | D:10     | Entered Level 10 of the Dungeon
 11145 | D:10     | Reached XP level 11. HP: 60/60 MP: 5/16
 11222 | D:10     | Noticed Psyche
 11229 | D:10     | Killed Psyche
 11347 | Lair:1   | Entered Level 1 of the Lair of Beasts
 11347 | Lair:1   | Found a shadowy altar of Dithmenos.
 11385 | Lair:1   | Found a gate leading to a gauntlet.
 11396 | Gauntlet | Entered a Gauntlet
 11396 | Gauntlet | Found a transporter.
 11403 | Gauntlet | Found a transporter.
 11406 | Gauntlet | Found a transporter.
 11407 | Gauntlet | Found a transporter.
 11418 | Gauntlet | Found a transporter.
 11418 | Gauntlet | Found a transporter.
 11419 | Gauntlet | Found a transporter.
 11426 | Gauntlet | Noticed a tengu warrior
 11427 | Gauntlet | Found a transporter.
 11430 | Gauntlet | Found a transporter.
 11431 | Gauntlet | Found a transporter.
 11436 | Gauntlet | Noticed a dire elephant
 11440 | Gauntlet | Found a transporter.
 11442 | Gauntlet | Found a transporter.
 11443 | Gauntlet | Found a transporter.
 11447 | Gauntlet | Found a runed translucent door.
 11447 | Gauntlet | Found a runed translucent door.
 11451 | Gauntlet | Found a transporter.
 11511 | Gauntlet | Noticed an oklob plant
 11557 | Gauntlet | Reached ***** piety under Dithmenos
 11658 | Gauntlet | Noticed a minotaur
 11787 | Lair:1   | Reached skill level 1 in Invocations
 11825 | Lair:1   | Reached skill level 1 in Ice Magic
 13349 | Lair:2   | Found a staircase to the Snake Pit.
 13917 | Lair:3   | Noticed a death yak
 13919 | Lair:3   | Noticed a death yak
 13930 | Lair:3   | Noticed a death yak
 13958 | Lair:2   | Killed a death yak
 13959 | Lair:2   | Reached skill level 10 in Stealth
 14096 | Lair:3   | Noticed a bog body
 14621 | Lair:3   | Killed a death yak
 14622 | Lair:3   | Reached skill level 1 in Armour
 14622 | Lair:3   | Reached XP level 12. HP: 66/66 MP: 8/17
 14675 | Lair:3   | Killed a death yak
 14943 | Lair:4   | Noticed a four-headed hydra
 15099 | D:9      | Learned a level 3 spell: Ozocubu's Armour
 15524 | D:10     | Found a glowing golden altar of the Shining One.
 15548 | D:10     | Noticed Nergalle
 16120 | D:11     | Found a flickering gateway to a bazaar.
 16125 | Bazaar   | Entered a bazaar
 16139 | Bazaar   | Found Feleren's Distillery.
 16257 | Bazaar   | Found Ihaewneb's Assorted Antiques.
 16273 | Bazaar   | Found Jashep's Distillery.
 16273 | Bazaar   | Found Zuotung's Book Shoppe.
 16320 | Bazaar   | Bought a Trismegistus Codex for 364 gold pieces
 16326 | Bazaar   | Bought a potion of lignification for 21 gold pieces
 16326 | Bazaar   | Bought a potion of heal wounds for 35 gold pieces
 16326 | Bazaar   | Bought a potion of curing for 21 gold pieces
 16326 | Bazaar   | Bought a potion of magic for 56 gold pieces
 16326 | Bazaar   | Bought a potion of heal wounds for 35 gold pieces
 16326 | Bazaar   | Bought a potion of cancellation for 56 gold pieces
 16376 | Bazaar   | Bought a potion of resistance for 100 gold pieces
 16467 | D:11     | Reached skill level 5 in Invocations
 16724 | D:11     | Found a staircase to the Orcish Mines.
 17181 | D:11     | Paralysed by a hornet for 2 turns
 17546 | Orc:1    | Entered Level 1 of the Orcish Mines
 17700 | D:11     | Learned a level 4 spell: Olgreb's Toxic Radiance
 17717 | D:11     | Reached skill level 1 in Conjurations
 17932 | Orc:1    | Reached ****** piety under Dithmenos
 18369 | Orc:2    | Entered Level 2 of the Orcish Mines
 18685 | Orc:2    | Reached skill level 5 in Spellcasting
 19070 | Orc:2    | Reached skill level 5 in Poison Magic
 19156 | Orc:2    | Noticed an ogre mage
 19207 | Orc:2    | Killed an ogre mage
 19253 | Orc:2    | Noticed an ogre mage
 19276 | Orc:2    | Reached XP level 13. HP: 72/72 MP: 13/21
 19443 | Orc:2    | Reached skill level 10 in Fighting
 19855 | Orc:2    | Reached skill level 15 in Dodging
 20614 | Orc:2    | Found a staircase to the Elven Halls.
 20727 | Orc:2    | Found Kozac's Book Boutique.
 20727 | Orc:2    | Found Misimi's Jewellery Shoppe.
 20728 | Orc:2    | Found Izocvy's Distillery.
 20728 | Orc:2    | Found Yqaz's Distillery.
 20848 | Orc:2    | Bought a book of Spectacle for 560 gold pieces
 20853 | Orc:2    | Learned a level 4 spell: Iskenderun's Mystic Blast
 21424 | D:12     | Found Rihoxe Zyady's Jewellery Shoppe.
 21426 | D:12     | Found Ymnonequ's Magic Scroll Shoppe.
 21497 | D:12     | Found Oruitaxt's Jewellery Boutique.
 21501 | D:12     | Noticed Josephine
 21511 | D:12     | Found Ateov's Distillery.
 21517 | D:12     | Found Pudeshen's Antique Armour Boutique.
 21603 | D:12     | Found Mityxt's Magic Scroll Shoppe.
 21605 | D:12     | Found Pasagimeps's Distillery.
 21613 | D:12     | Bought a scroll of blinking for 90 gold pieces
 21648 | D:12     | Found Miggux's Antique Weapon Shoppe.
 21704 | D:12     | Found Mifawagi's Book Emporium.
 21964 | D:12     | Reached skill level 1 in Translocations
 22393 | D:12     | Bought a book of Cantrips for 132 gold pieces
 22405 | D:13     | Learned a level 1 spell: Apportation
 22454 | D:13     | Identified a scroll of acquirement
 22455 | D:13     | Acquired the +1 cloak of the Sun {rPois Dex+3}
 22507 | D:13     | Reached skill level 2 in Translocations
 22633 | D:13     | Reached skill level 3 in Translocations
 22878 | D:13     | Found a portal to a secret trove of treasure.
 23354 | Lair:3   | Found a staircase to the Swamp.
 23362 | Lair:3   | Reached skill level 4 in Translocations
 23576 | Lair:4   | Noticed a minotaur
 23581 | Lair:4   | Noticed Buethreca's ghost (journeyman TeAE)
 23603 | Lair:4   | Reached XP level 14. HP: 79/79 MP: 22/22
 23645 | Lair:4   | Reached skill level 5 in Translocations
 23784 | Lair:4   | Found a staircase to the Slime Pits.
 23784 | Lair:4   | Found a viscous altar of Jiyva.
 23785 | Lair:4   | Identified the +9 dagger of Fyh Cuacal {drain, Fragile
                  | rElec Int+9}
 23942 | Lair:4   | Reached skill level 6 in Translocations
 24065 | Lair:4   | Found a runed translucent gate.
 24065 | Lair:4   | Found a runed translucent gate.
 24069 | Lair:4   | Found a runed translucent gate.
 24213 | Lair:4   | Reached skill level 7 in Translocations
 24236 | Lair:4   | Learned a level 3 spell: Ignite Poison
 24429 | Lair:5   | Entered Level 5 of the Lair of Beasts
 24465 | Lair:5   | Reached skill level 8 in Translocations
 24578 | Lair:5   | Reached skill level 1 in Fire Magic
 24908 | Lair:5   | Reached skill level 9 in Translocations
 25308 | Lair:5   | Reached skill level 10 in Translocations
 25454 | Lair:5   | Identified the +3 trident "Fuhid" {heavy, Int+3}
 25774 | Snake:1  | Entered Level 1 of the Snake Pit
 25891 | Swamp:1  | Entered Level 1 of the Swamp
 26094 | D:13     | Learned a level 4 spell: Passage of Golubria
 26167 | D:14     | Reached skill level 11 in Translocations
 26413 | D:14     | Found a transporter.
 26430 | D:14     | Found a transporter.
 26449 | D:14     | Found a transporter.
 26597 | D:14     | Found a transporter.
 26650 | D:14     | Reached skill level 1 in Shields
 26969 | D:14     | Found a gate to the Vaults.
 27067 | D:14     | Reached XP level 15. HP: 85/85 MP: 11/23
 27186 | D:14     | Found Pilafed's Jewellery Shoppe.
 27472 | D:15     | Entered Level 15 of the Dungeon
 27988 | D:15     | Found a staircase to the Depths.
 28280 | D:15     | Reached skill level 5 in Shields
 29024 | D:5      | Bought +0 ice dragon scales for 600 gold pieces
 29195 | D:12     | Bought a scroll of enchant armour for 90 gold pieces
 29321 | D:13     | You paid a toll of +4 ice dragon scales to enter a treasure
                  | trove
 29322 | Trove    | Entered a treasure trove
 30228 | Swamp:1  | Reached skill level 12 in Translocations
 30317 | Swamp:1  | Noticed a thorn hunter
 30353 | Swamp:1  | Killed a thorn hunter
 30413 | Swamp:1  | Noticed Mlioglotl
 31204 | Swamp:2  | Learned a level 6 spell: Dispersal
 31277 | Swamp:2  | Reached skill level 13 in Translocations
 31755 | Swamp:3  | Noticed Nikola
 31957 | Swamp:3  | Noticed a tentacled monstrosity
 32040 | Swamp:3  | Killed a tentacled monstrosity
 32062 | Swamp:3  | Killed Nikola
 32237 | Swamp:3  | Identified the +7 chain mail of the Devil's Advocate {rPois
                  | Dex+2}
 32300 | Swamp:3  | Reached XP level 16. HP: 90/90 MP: 18/27
 32538 | Swamp:4  | Entered Level 4 of the Swamp
 32542 | Swamp:4  | Reached skill level 14 in Translocations
 32743 | Swamp:4  | Identified the +2 buckler of Orominyo {rPois rF+}
 32881 | Swamp:4  | Noticed the 27-headed Lernaean hydra
 32915 | Swamp:4  | Killed the 27-headed Lernaean hydra
 32916 | Swamp:4  | Reached skill level 15 in Translocations
 34358 | Swamp:4  | Got a decaying rune of Zot
 34927 | Snake:2  | Identified the +0 ring mail of the Elven Halls {rElec rC+}
 35641 | Vaults:1 | Entered Level 1 of the Vaults
 35853 | Vaults:1 | Found Gozag's Antique Armour Shoppe.
 35853 | Vaults:1 | Noticed a tentacled monstrosity
 35854 | Vaults:1 | Found Gozag's Antique Armour Emporium.
 35858 | Vaults:1 | Found an opulent altar of Gozag.
 35858 | Vaults:1 | Found Gozag's Assorted Antiques.
 36362 | Depths:1 | Entered Level 1 of the Depths
 36452 | Depths:1 | Noticed a storm dragon
 36452 | Depths:1 | Found a gateway to Hell.
 36453 | Depths:1 | Found a one-way gate to the infinite horrors of the Abyss.
 36460 | Depths:1 | Reached XP level 17. HP: 42/90 MP: 5/31
 36464 | Depths:1 | Found a magical portal.
 36473 | WizLab   | Entered Wucad Mu's Monastery
 36546 | WizLab   | Found the crystal ball of Wucad Mu {*channel}
 36816 | WizLab   | Reached skill level 10 in Spellcasting
 36816 | WizLab   | Reached XP level 18. HP: 95/95 MP: 31/33
 37735 | Lair:2   | Learned a level 3 spell: Frozen Ramparts
 38062 | Snake:1  | Found a runed translucent door.
 38062 | Snake:1  | Noticed Omutsoge's ghost (journeyman GnWr)
 38282 | Snake:2  | Reached skill level 10 in Shields
 39434 | Snake:2  | Reached skill level 5 in Ice Magic
 39644 | Orc:2    | Bought a Fen Folio for 588 gold pieces
 39650 | Orc:2    | Learned a level 5 spell: Summon Forest
 40451 | Snake:3  | Reached skill level 1 in Summonings
 41904 | Snake:4  | Entered Level 4 of the Snake Pit
 44259 | Vaults:1 | Killed a tentacled monstrosity
 44982 | Vaults:1 | Reached XP level 19. HP: 83/106 MP: 19/34
 45763 | Vaults:1 | Reached skill level 5 in Summonings
 46867 | Vaults:1 | Reached skill level 10 in Invocations
 47724 | Vaults:2 | Reached skill level 15 in Fighting
 48521 | Vaults:2 | Reached XP level 20. HP: 111/113 MP: 23/35
 49586 | D:12     | Bought a scroll of acquirement for 780 gold pieces
 49628 | D:12     | Acquired the +8 Vampire's Tooth {megavamp}
 49628 | D:12     | Found the +8 Vampire's Tooth {megavamp}
 49694 | D:10     | Killed Nergalle
 49867 | D:8      | Killed t4s4d4r's ghost
 50233 | D:12     | Killed Josephine
 51316 | Vaults:3 | Found a staircase to the Crypt.
 51316 | Vaults:3 | Found a basalt altar of Yredelemnul.
 51317 | Vaults:3 | Found an ancient bone altar of Kikubaaqudgha.
 51425 | Vaults:3 | Found a huge runed gate.
 51425 | Vaults:3 | Found a huge runed gate.
 51425 | Vaults:3 | Found a huge runed gate.
 51425 | Vaults:3 | Found a huge runed gate.
 51425 | Vaults:3 | Found a huge runed gate.
 51425 | Vaults:3 | Found a huge runed gate.
 51426 | Vaults:3 | Found a huge runed gate.
 51426 | Vaults:3 | Found a huge runed gate.
 51426 | Vaults:3 | Found a huge runed gate.
 51426 | Vaults:3 | Found a huge runed gate.
 51426 | Vaults:3 | Found a huge runed gate.
 51427 | Vaults:3 | Found a huge runed gate.
 51428 | Vaults:3 | Found a huge runed gate.
 51429 | Vaults:3 | Found a huge runed gate.
 51430 | Vaults:3 | Found a huge runed gate.
 51440 | Vaults:3 | Found a huge runed gate.
 51440 | Vaults:3 | Found a huge runed gate.
 51440 | Vaults:3 | Found a huge runed gate.
 51440 | Vaults:3 | Found a huge runed gate.
 51440 | Vaults:3 | Found a huge runed gate.
 51440 | Vaults:3 | Found a huge runed gate.
 51441 | Vaults:3 | Found a huge runed gate.
 51442 | Vaults:3 | Found a huge runed gate.
 51443 | Vaults:3 | Found a huge runed gate.
 51451 | Vaults:3 | Found a huge runed gate.
 51451 | Vaults:3 | Found a huge runed gate.
 51451 | Vaults:3 | Found a huge runed gate.
 51451 | Vaults:3 | Found a huge runed gate.
 51451 | Vaults:3 | Found a huge runed gate.
 51451 | Vaults:3 | Found a huge runed gate.
 51452 | Vaults:3 | Found a huge runed gate.
 51453 | Vaults:3 | Found a huge runed gate.
 51454 | Vaults:3 | Found a huge runed gate.
 51462 | Vaults:3 | Found a huge runed gate.
 51462 | Vaults:3 | Found a huge runed gate.
 51462 | Vaults:3 | Found a huge runed gate.
 52665 | Vaults:3 | Identified the +12 quarterstaff "Quoforef" {heavy, Str+4
                  | Dex+4}
 52810 | Vaults:3 | Identified the +0 scale mail of Weirdness {Contam rN+
                  | Str+6}
 53364 | Vaults:4 | Found Wek Bage's Assorted Antiques.
 53974 | Vaults:4 | Reached XP level 21. HP: 102/120 MP: 28/36
 55486 | D:5      | Bought +0 pearl dragon scales for 1000 gold pieces
 55698 | Orc:2    | Bought a ring of protection from cold for 375 gold pieces
 55731 | Elf:1    | Entered Level 1 of the Elven Halls
 55882 | Elf:1    | Reached skill level 5 in Transmutations
 55950 | Elf:1    | Got the Notes on the Shot and the Union
 56348 | Elf:1    | Reached skill level 5 in Armour
 56770 | Elf:2    | Found Oxtap's Armour Emporium.
 57004 | Elf:2    | Identified Roxanne's Information on Erosion
 57004 | Elf:2    | Noticed Roxanne
 57387 | Elf:3    | Entered Level 3 of the Elven Halls
 57764 | Elf:2    | Found a runed translucent gate.
 57765 | Elf:2    | Found a runed translucent gate.
 57765 | Elf:2    | Found a runed translucent gate.
 58740 | Elf:3    | Reached skill level 10 in Armour
 59962 | Elf:3    | Identified the +7 rapier of the Exiled Prophets {distort,
                  | rElec Dex+2}
 59980 | Elf:3    | Identified the +0 ring mail "Haenot" {Will- Slay+5}
 59981 | Elf:3    | Identified the +0 helmet of the Arena {rN+ Stlth+}
 59995 | Elf:3    | Got the Elucidation of the Voyage
 60450 | Lair:4   | Killed Buethreca's ghost
 60701 | Snake:1  | Killed Omutsoge's ghost
 60709 | Snake:1  | Identified the +0 spear "Ricent" {speed, rCorr Dex+4}
 61008 | Snake:4  | Reached skill level 16 in Translocations
 61257 | Snake:4  | Got a serpentine rune of Zot
 61929 | Depths:1 | Reached XP level 22. HP: 125/125 MP: 22/38
 63042 | Depths:2 | Found a one-way gateway to a ziggurat.
 63054 | Depths:2 | Reached skill level 5 in Evocations
 63108 | Depths:2 | Found a broken altar of Ashenzari.
 63339 | Depths:2 | Found a one-way gate leading to the halls of Pandemonium.
 64457 | Depths:3 | Reached skill level 17 in Translocations
 64949 | Depths:2 | Found Mejok's General Store.
 64955 | Depths:2 | Bought a potion of haste for 150 gold pieces
 67714 | Depths:3 | Reached skill level 18 in Translocations
 68445 | Depths:3 | Found a runed translucent gate.
 68445 | Depths:3 | Found a runed translucent gate.
 68445 | Depths:3 | Found a runed translucent gate.
 68447 | Depths:3 | Noticed an ancient lich
 68484 | Depths:3 | Noticed a golden dragon
 68607 | Depths:3 | Found a runed translucent gate.
 68607 | Depths:3 | Found a runed translucent gate.
 68607 | Depths:3 | Found a runed translucent gate.
 68763 | Depths:4 | Entered Level 4 of the Depths
 68976 | Depths:4 | Noticed a golden dragon
 68999 | Depths:4 | Killed a golden dragon
 69585 | Depths:4 | Found a gate to the Realm of Zot.
 69703 | Depths:4 | Reached XP level 23. HP: 126/129 MP: 20/41
 70228 | Depths:4 | Reached skill level 10 in Evocations
 70521 | D:12     | Bought a potion of heal wounds for 50 gold pieces
 70521 | D:12     | Bought a potion of heal wounds for 50 gold pieces
 70521 | D:12     | Bought a potion of curing for 30 gold pieces
 70521 | D:12     | Bought a potion of resistance for 100 gold pieces
 70521 | D:12     | Bought 2 potions of cancellation for 160 gold pieces
 70524 | D:12     | Bought a scroll of blinking for 112 gold pieces
 70538 | D:12     | Bought a scroll of enchant armour for 112 gold pieces
 70577 | D:12     | Bought a potion of heal wounds for 70 gold pieces
 70577 | D:12     | Bought a potion of magic for 112 gold pieces
 70681 | D:6      | Bought a potion of haste for 140 gold pieces
 70681 | D:6      | Bought a potion of haste for 140 gold pieces
 70681 | D:6      | Bought a potion of heal wounds for 70 gold pieces
 70681 | D:6      | Bought a potion of heal wounds for 70 gold pieces
 70685 | D:6      | Learned a level 3 spell: Stone Arrow
 71098 | Depths:4 | Noticed a caustic shrike
 71105 | Depths:4 | Killed a caustic shrike
 71113 | Depths:4 | Reached skill level 1 in Earth Magic
 71215 | Depths:4 | Identified the +2 pair of boots "Wosmys" {Dex+4}
 71217 | Depths:4 | Identified the +6 ring mail of Honour {rElec rCorr Dex-5
                  | Slay-6}
 71278 | Depths:4 | Found Ipseej Puth's Antique Weapon Shop.
 71286 | Depths:4 | Found Ickud's General Store.
 71348 | Depths:4 | Found Iduoboir's General Store.
 71817 | Depths:4 | Reached skill level 19 in Translocations
 72033 | Depths:3 | Voluntarily entered the Abyss.
 72068 | Depths:3 | Escaped the Abyss
 72070 | Depths:3 | Voluntarily entered the Abyss.
 72227 | Abyss:2  | Found a corrupted altar of Lugonu.
 72230 | Abyss:2  | Found a corrupted altar of Lugonu.
 72389 | Abyss:3  | Paralysed by accursed screaming for 1 turns
 72523 | Abyss:3  | Noticed an ancient lich
 72595 | Abyss:3  | Found a corrupted altar of Lugonu.
 73047 | Abyss:3  | Got an abyssal rune of Zot
 73180 | Abyss:3  | Found a corrupted altar of Lugonu.
 73184 | Depths:3 | Escaped the Abyss
 73235 | Zot:1    | Entered Level 1 of the Realm of Zot
 75174 | Zot:1    | Reached skill level 10 in Summonings
 76613 | Zot:2    | Found a huge runed gate.
 76614 | Zot:2    | Found a huge runed gate.
 76616 | Zot:2    | Found a huge runed gate.
 76801 | Zot:2    | Learned a level 4 spell: Animate Armour
 76872 | Zot:2    | Found a huge runed gate.
 76874 | Zot:2    | Found a huge runed gate.
 76874 | Zot:2    | Found a huge runed gate.
 76875 | Zot:2    | Found a huge runed gate.
 76876 | Zot:2    | Found a huge runed gate.
 76876 | Zot:2    | Found a huge runed gate.
 76876 | Zot:2    | Found a huge runed gate.
 76886 | Zot:2    | Found a huge runed gate.
 76886 | Zot:2    | Found a huge runed gate.
 76886 | Zot:2    | Found a huge runed gate.
 76886 | Zot:2    | Found a huge runed gate.
 76889 | Zot:2    | Found a huge runed gate.
 76890 | Zot:2    | Found a huge runed gate.
 76891 | Zot:2    | Found a huge runed gate.
 76892 | Zot:2    | Found a huge runed gate.
 76893 | Zot:2    | Found a huge runed gate.
 76901 | Zot:2    | Found a huge runed gate.
 76901 | Zot:2    | Found a huge runed gate.
 76901 | Zot:2    | Found a huge runed gate.
 76901 | Zot:2    | Found a huge runed gate.
 76901 | Zot:2    | Found a huge runed gate.
 76901 | Zot:2    | Found a huge runed gate.
 76901 | Zot:2    | Found a huge runed gate.
 76902 | Zot:2    | Found a huge runed gate.
 76903 | Zot:2    | Found a huge runed gate.
 76911 | Zot:2    | Found a huge runed gate.
 76911 | Zot:2    | Found a huge runed gate.
 76911 | Zot:2    | Found a huge runed gate.
 76911 | Zot:2    | Found a huge runed gate.
 76911 | Zot:2    | Found a huge runed gate.
 76911 | Zot:2    | Found a huge runed gate.
 76911 | Zot:2    | Found a huge runed gate.
 76955 | Zot:2    | Found a huge runed gate.
 77049 | Zot:2    | Noticed a dread lich
 77049 | Zot:2    | Noticed an orb of fire
 77049 | Zot:2    | Noticed a dread lich
 77049 | Zot:2    | Noticed a Killer Klown
 77092 | Zot:2    | Noticed an ancient lich
 77151 | Zot:2    | Killed an ancient lich
 77341 | Zot:3    | Noticed a Killer Klown
 77349 | Zot:3    | Killed a Killer Klown
 77721 | Zot:3    | Reached skill level 15 in Spellcasting
 77806 | Zot:3    | Killed a dread lich
 77807 | Zot:3    | Reached skill level 20 in Translocations
 77855 | Zot:2    | Noticed an orb of fire
 77874 | Zot:3    | Reached XP level 24. HP: 118/135 MP: 23/43
 77922 | Zot:2    | Gained mutation: You are vulnerable to cold. (rC-) [an orb
                  | of fire]
 77938 | Zot:3    | Lost mutation: You are vulnerable to cold. (rC-) [potion of
                  | mutation]
 77938 | Zot:3    | Gained mutation: You occasionally lose the ability to read
                  | scrolls when taking damage. [potion of mutation]
 77938 | Zot:3    | Gained mutation: You expend magic power (3 MP) to
                  | strengthen your wands. [potion of mutation]
 77938 | Zot:3    | Gained mutation: You are robust. (+10% HP) [potion of
                  | mutation]
 78280 | Zot:4    | Noticed an ancient lich
 78313 | Zot:3    | You fall into a shaft and drop 1 floor!
 78323 | Zot:4    | Identified the +0 cloak of Prudence {Rampage Str+2 Dex+2}
 78636 | Zot:3    | Reached skill level 5 in Earth Magic
 79496 | Zot:3    | Identified the +13 shadow dragon scales of Uskayaw's Esteem
                  | {Will+ Stlth++++}
 81048 | Zot:4    | Killed an ancient lich
 83059 | Zig:1    | Entered Level 1 of a ziggurat
 83135 | Zig:2    | Entered Level 2 of a ziggurat
 83295 | Zig:3    | Entered Level 3 of a ziggurat
 83295 | Zig:3    | Found the +3 Elemental Staff {rElec rF+ rC+ AC+3}
 83489 | Zig:4    | Entered Level 4 of a ziggurat
 83657 | Zig:5    | Entered Level 5 of a ziggurat
 83691 | Zig:5    | Identified the staff of poison "Ykydemu" {rPois rF++
                  | Stlth-}
 83748 | Zig:6    | Entered Level 6 of a ziggurat
 83856 | Zig:7    | Entered Level 7 of a ziggurat
 83863 | Zig:7    | Identified the ring "Runnaod" {*Corrode rElec rN+ Will+++
                  | Int+6}
 83894 | Zig:8    | Entered Level 8 of a ziggurat
 83934 | Zig:8    | Found the +5 robe of Night {Dark Will+ SInv}
 84026 | Zig:8    | Reached skill level 21 in Translocations
 84026 | Zig:8    | Reached XP level 25. HP: 119/154 MP: 44/44
 84031 | Zig:8    | Identified the +6 spear "Ygailyop" {heavy, rC+ Int+4}
 84114 | Zig:9    | Entered Level 9 of a ziggurat
 84124 | Zig:9    | Noticed an ancient lich
 84127 | Zig:9    | Noticed a dread lich
 84146 | Zig:9    | Killed an ancient lich
 84154 | Zig:10   | Entered Level 10 of a ziggurat
 84406 | Zig:10   | Identified the +0 tower shield of Touf Co Zao {rPois rN+
                  | Str+4 Dex+3}
 84429 | Zig:10   | Identified the ring of Ylazaady {rElec Will+ rCorr}
 84435 | Zig:10   | Reached XP level 26. HP: 122/146 MP: 32/44
 84814 | Crypt:1  | Entered Level 1 of the Crypt
 84853 | Crypt:1  | Noticed Zenata
 85025 | Crypt:1  | Killed Zenata
 85361 | Crypt:1  | Noticed Xtahua
 85373 | Crypt:1  | Killed Xtahua
 85515 | Crypt:1  | Found a huge runed gate.
 85515 | Crypt:1  | Found a huge runed gate.
 85515 | Crypt:1  | Found a huge runed gate.
 85515 | Crypt:1  | Found a huge runed gate.
 85515 | Crypt:1  | Found a huge runed gate.
 85515 | Crypt:1  | Found a huge runed gate.
 85516 | Crypt:1  | Found a huge runed gate.
 85516 | Crypt:1  | Found a huge runed gate.
 85516 | Crypt:1  | Found a huge runed gate.
 85517 | Crypt:1  | Found a huge runed gate.
 85628 | Crypt:1  | Found a huge runed gate.
 85628 | Crypt:1  | Found a huge runed gate.
 85628 | Crypt:1  | Found a huge runed gate.
 85628 | Crypt:1  | Found a huge runed gate.
 85628 | Crypt:1  | Found a huge runed gate.
 85628 | Crypt:1  | Found a huge runed gate.
 85628 | Crypt:1  | Found a huge runed gate.
 85629 | Crypt:1  | Found a huge runed gate.
 85630 | Crypt:1  | Found a huge runed gate.
 85638 | Crypt:1  | Found a huge runed gate.
 85638 | Crypt:1  | Found a huge runed gate.
 85638 | Crypt:1  | Found a huge runed gate.
 85638 | Crypt:1  | Found a huge runed gate.
 85638 | Crypt:1  | Found a huge runed gate.
 85638 | Crypt:1  | Found a huge runed gate.
 85639 | Crypt:1  | Found a huge runed gate.
 85640 | Crypt:1  | Found a huge runed gate.
 85641 | Crypt:1  | Found a huge runed gate.
 85650 | Crypt:1  | Found a huge runed gate.
 85650 | Crypt:1  | Found a huge runed gate.
 85650 | Crypt:1  | Found a huge runed gate.
 85650 | Crypt:1  | Found a huge runed gate.
 85650 | Crypt:1  | Found a huge runed gate.
 85650 | Crypt:1  | Found a huge runed gate.
 85650 | Crypt:1  | Found a huge runed gate.
 85682 | Crypt:1  | Found a huge runed gate.
 85987 | Crypt:1  | Reached XP level 27. HP: 150/165 MP: 37/44
 86666 | Crypt:1  | Reached skill level 15 in Evocations
 87004 | Crypt:2  | Reached skill level 5 in Conjurations
 87019 | Crypt:2  | Reached skill level 22 in Translocations
 87813 | Crypt:3  | Entered Level 3 of the Crypt
 88447 | Crypt:3  | Noticed an ancient lich
 88679 | Crypt:3  | Killed an ancient lich
 89769 | Crypt:3  | Found a basalt altar of Yredelemnul.
 89774 | Crypt:3  | Found an ancient bone altar of Kikubaaqudgha.
 89793 | Crypt:3  | Identified the +0 leather armour of the Land of Plenty {rF+
                  | MP+9}
 89839 | Crypt:3  | Identified the staff of conjuration "Nataomid" {Fragile rC+
                  | Str+3}
 90190 | Crypt:3  | Found a staircase to the Tomb.
 90196 | Tomb:1   | Entered Level 1 of the Tomb of the Ancients
 90416 | Tomb:1   | Reached skill level 23 in Translocations
 90456 | Tomb:1   | Noticed Khufu
 91444 | Depths:3 | Killed an ancient lich
 91693 | Hell     | Entered the Vestibule of Hell
 91693 | Hell     | Noticed Geryon
 92462 | Hell     | Killed Geryon
 93074 | Hell     | Found a gateway to the decaying netherworld of Tartarus.
 93266 | Hell     | Found a gateway to the Iron City of Dis.
 93468 | Hell     | Found a gateway to the ashen valley of Gehenna.
 93577 | Hell     | Found a gateway to the freezing wastes of Cocytus.
 96726 | Zot:5    | Entered Level 5 of the Realm of Zot
 97610 | Zot:5    | Noticed an ancient lich
 97766 | Zot:5    | Noticed a dread lich
 97899 | Zot:5    | Killed a dread lich
 98066 | Zot:5    | Learned a level 3 spell: Vhi's Electric Charge
 98445 | Orc:2    | Bought a book of the Warp for 588 gold pieces
 98451 | Orc:2    | Learned a level 5 spell: Borgnjor's Vile Clutch
 98451 | Orc:2    | Bought a book of Decay for 420 gold pieces
 98454 | Orc:2    | Bought a potion of curing for 48 gold pieces
 98454 | Orc:2    | Bought a potion of heal wounds for 80 gold pieces
 98454 | Orc:2    | Bought a potion of mutation for 128 gold pieces
 98454 | Orc:2    | Bought 2 potions of cancellation for 256 gold pieces
 98455 | Orc:2    | Bought a potion of curing for 42 gold pieces
 98455 | Orc:2    | Bought a potion of might for 56 gold pieces
 98455 | Orc:2    | Bought a potion of curing for 42 gold pieces
 98455 | Orc:2    | Bought a potion of curing for 42 gold pieces
 98455 | Orc:2    | Bought a potion of cancellation for 112 gold pieces
 98818 | Zot:5    | Learned a level 8 spell: Disjunction
 98870 | Zot:5    | Learned a level 5 spell: Lee's Rapid Deconstruction
 98901 | Zot:5    | Reached skill level 1 in Necromancy
 98903 | Zot:5    | Noticed an orb of fire
 99208 | Zot:5    | Noticed an ancient lich
 99238 | Zot:5    | Noticed an orb of fire
 99246 | Zot:5    | Noticed an ancient lich
 99270 | Zot:5    | Noticed an orb of fire
 99272 | Zot:5    | Got the Orb of Zot
 99644 | D:13     | Noticed Woetz the pandemonium lord
100031 | D:$      | Escaped with the Orb!

Illustrated notes

Levels and vault maps discovered:
D:1:      dpeg_arrival_fog, layout_loops_ring,
          hellmonk_ecumenical_altar_leap_of_faith, minmay_quantized
D:2:      layout_basic
D:3:      layout_basic, hellmonk_no_cap
D:4:      layout_basic, eino_small_chamber_without_monster
D:5:      layout_loops_ring, led_sif_pool, dk_xom_monty_hall, temple_hall,
          nicolae_shop_dragon_depot, minmay_a_box_with_orc_wizards_in_it
D:6:      layout_loops_ring, grunt_dithmenos_smoke_and_mirrors, serial_shops,
          shop, uniq_duvessa, uniq_maggie
D:7:      layout_cave_pods, amcnicky_mini_corridor_feature,
          kb_lookout_dungeons_type, kennysheep_small_square
D:8:      layout_basic, nicolae_elyvilon_temple_path,
          mainiacjoe_overflow_six_doors_small, mainiacjoe_overflow_catwalk,
          serial_shops, shop, gammafunk_ghost_hydra_chop,
          minmay_misc_feat_cross, minivault_25
D:9:      layout_basic, mainiacjoe_overflow_surrounded_room,
          nicolae_overflow_crystal_walls, dpeg_oklobed_lair, grunt_ministairs_1,
          st_stairs_11
D:10:     layout_irregular_city, nicolae_tso_swordbearing_angel, uniq_nergalle,
          uniq_psyche
D:11:     layout_basic, zombieorc2_lemuel, serial_shops, freezing_bzr
D:12:     layout_basic, serial_shops, nicolae_shop_statue_plus, shop,
          nicolae_shop_tiny_real_fake_doors, nicolae_shop_gaudy_bauble,
          nicolae_shop_behind_doors, minmay_shop_grid_forest, uniq_josephine
D:13:     layout_cave_pools, trove_entry_hex_spiral, minmay_protected_statue
D:14:     minmay_stone_box, layout_basic, hangedman_vaults_entry_quadrant_bands,
          minmay_misc_feat_tiny, serial_shops, shop, kennysheep_big_empty_room,
          st_stairs_2, nicolae_transporter_intersection
D:15:     hangedman_depths_entry_civil_slaughter, layout_layer_cave,
          grunt_decor_one_mirror
Temple:   hellmonk_temple_forest_ring
Lair:1:   layout_roguey, gauntlet_entry_generic, basic_altar,
          grunt_megastairs_5, lemuel_fruit_fields
Lair:2:   layout_cellular_growth, guppyfry_snake_entry_garden
Lair:3:   layout_chaotic_city, nicolae_swamp_entry_splash_gauntlet,
          nicolae_quartered_pool_medium, chequers_serial_rivers_micro_e,
          lemuel_fruit_fields, infiniplex_staircase_pool
Lair:4:   layout_roguey, slime_entry_1, maelrawn_ghost_gauntlet_escape,
          grunt_forest_stairs_basic
Lair:5:   gammafunk_lair_ancient_temple, layout_long_grid, lemuel_fruit_tree
Swamp:1:  layout_basic_swamp, evilmike_swamp_ruin_house_3, uniq_mlioglotl
Swamp:2:  layout_falls_marsh, evilmike_swamp_ruin_house_4
Swamp:3:  layout_basic_swamp, evilmike_swamp_ruin_rubble_1, uniq_nikola
Swamp:4:  swamp_old_school, layout_basic_swamp, swamp_pool1
Snake:1:  layout_onion_interference, gammafunk_ghost_grave
Snake:2:  cheibrodos_snake_ritualist_ritual, layout_layer_cave, st_stairs_11
Snake:3:  layout_chambers, fake_guardian_serpent_vault
Snake:4:  minmay_snake_end_coiled, layout_cave_town, nicolae_snake_squiggles
Orc:1:    nicolae_orc_accident_1, layout_caves, lightli_orcish_oven
Orc:2:    st_orc_ogre_mass, layout_diamond_mine, basic_altar
Elf:1:    elf_arrival_002, layout_geoelf_octagon, minmay_elf_sorcery,
          nicolae_elf_variegated_diamond
Elf:2:    nicolae_elf_blades_crystal_corner, layout_loops_ring, serial_shops,
          shop, uniq_roxanne
Elf:3:    minmay_elf_hall_statues, layout_gridlike
Vaults:1: kennysheep_vaults_gozag_temple, v_misc_11, vaults_mumra_lcd,
          vaults_dpeg_doors, hangedman_vaults_locks, v_misc_10,
          nicolae_vaults_specimen_jars, vaults_room_corners,
          layout_vaults_omnigrid, serial_glass
Vaults:2: nicolae_vaults_little_ls, vaults_mumra_minichess,
          vaults_room_fancy_cross, hangedman_vaults_hat,
          dpeg_vaults_monster_row, ontoclasm_vaults_misaligned, v_misc_23,
          nicolae_vaults_what_the_h, nicolae_vaults_network_s,
          vaults_room_pools, vaults_room_guarded_vault,
          ontoclasm_vaults_gateway, v_rooms_5, layout_vaults_big_cross
Vaults:3: nicolae_vaults_network_square, vaults_room_stairs_pillars,
          nicolae_vaults_windows_and_doors_thing, vaults_standard_mumra_x,
          minmay_crypt_entry_necro_gods, v_misc_30, vaults_standard_mumra_lines,
          v_alt_pattern_6, st_squares, not_door_vault_mu,
          grunt_vaults_hallway_short, grunt_vaults_bifocal,
          nicolae_vaults_diagonal_hallway_8, layout_vaults_maze_snakey
Vaults:4: hangedman_vaults_stitches, grunt_vaults_trifunnel, v_alt_pattern_4,
          ontoclasm_vaults_ring_small, ontoclasm_vaults_spin,
          nicolae_vaults_ring_of_whatevers, vaults_room_stairs_pillars,
          v_misc_12, vaults_room_stairs_pillars, layout_vaults_chaotic_city,
          serial_shops, shop
Crypt:1:  layout_misc_corridors, st_stairs_2, not_door_vault_due, uniq_zenata,
          uniq_josephina, uniq_xtahua
Crypt:2:  layout_misc_corridors, grunt_megastairs_3
Crypt:3:  lightli_unholy_cathedral, layout_chaotic_city,
          tomb_entry_shell_bobbens, small_statue_intersection,
          weyrava_lich_vault, grunt_megastairs_1
Tomb:1:   uniq_khufu
Depths:1: layout_roguey, hangedman_abyss_entry_splay, hell_entry,
          infiniplex_enter_wizlab_glasses, st_stairs_6, chequers_big_river,
          kennysheep_another_room, grunt_decor_resistance,
          minmay_misc_feat_roman, kennysheep_generic_room_7
Depths:2: kennysheep_scales, layout_honeycomb, enter_ziggurat_a,
          cheibrodos_ashenzari_chains, pan_entry, serial_shops, shop,
          lightli_too_deep
Depths:3: kennysheep_treasure_stockpile, layout_cross, abyss_entry,
          grunt_hell_entry_dis_old, serial_rivers,
          chequers_serial_rivers_micro_a, chequers_serial_rivers_micro_a,
          chequers_serial_rivers_large_b, chequers_serial_rivers_room_a,
          chequers_serial_rivers_room_b, grunt_pan_entry_sceptre,
          kennysheep_generic_room_3
Depths:4: evilmike_zot_entry_basic, layout_gridlike, grunt_decor_junction,
          serial_shops, nicolae_shop_tiny_real_fake_doors,
          hangedman_coc_ice_floe, minmay_evil_grid, minmay_shoptagon
Hell
Zot:1:    layout_misc_corridors, uniq_parghit
Zot:2:    layout_misc_corridors, door_vault, grunt_megastairs_2
Zot:3:    layout_gridlike, st_single_dragon_hoard_4, skrybe_zot_glass_2
Zot:4:    hangedman_snap_crack_crunch, layout_onion_interference,
          skrybe_zot_glass_1
Zot:5:    layout_cellular_growth, grunt_megastairs_4

Skill      XL: |  1  2  3  4  5  6  7  8  9 10 11 12 13 14 15 16 17 18 19 20 21 22 23 24 25 26 27 |
---------------+----------------------------------------------------------------------------------+-----
Fighting       | 3 4 5 6 8 9 11 12 13 14 15 16 17 19 | 19.4
Short Blades   | 3 4 5 7 9 10 | 10.0
Dodging        | 3 4 5 6 8 10 12 13 14 15 17 19 21 | 21.6
Transmutations | 1 2 4 5 6 8 |  8.0
Spellcasting   | 1 2 3 5 7 9 10 11 13 15 16 19 | 19.4
Poison Magic   | 1 2 3 5 7 8 9 |  9.0
Evocations     | 1 4 9 12 13 14 16 | 16.0
Throwing       | 2 |  2.0
Air Magic      | 3 |  3.0
Stealth        | 10 11 | 11.4
Invocations    | 4 6 7 8 11 13 14 | 14.1
Ice Magic      | 3 4 6 |  6.0
Armour         | 1 2 11 12 | 12.0
Conjurations   | 2 3 4 7 |  7.0
Translocations | 4 11 13 15 16 18 20 21 23 | 23.9
Fire Magic     | 2 3 4 |  4.0
Shields        | 2 7 9 10 | 10.1
Summonings     | 4 5 6 8 10 12 | 12.0
Earth Magic    | 4 6 7 9 |  9.0
Necromancy     | 3 |  3.0

Action                     |  1- 3 |  4- 6 |  7- 9 | 10-12 | 13-15 | 16-18 | 19-21 | 22-24 | 25-27 || total
---------------------------+-------+-------+-------+-------+-------+-------+-------+-------+-------++-------
  Melee: Short sword       |    31 |   242 |   298 |   193 |    12 |       |       |       |       ||   776
         Punch             |     1 |     1 |     8 |    14 |    14 |       |       |       |       ||    38
         Dagger            |       |       |    31 |   649 |   591 |   666 |  1222 |   882 |   751 ||  4792
         Spear             |       |       |     2 |       |       |       |       |       |       ||     2
   Fire: Shortbow          |       |       |     9 |       |       |       |       |       |       ||     9
  Throw: Stone             |     1 |     7 |       |       |       |       |       |       |       ||     8
         Boomerang         |       |       |     1 |     1 |       |       |       |       |       ||     2
         Dart              |       |       |    26 |     2 |     1 |       |       |       |       ||    29
   Cast: Sting             |       |    30 |   150 |    95 |   124 |   119 |    65 |    38 |       ||   621
         Poisonous Vapours |       |       |       |   388 |   105 |     8 |    29 |    38 |     9 ||   577
         Olgreb's Toxic Ra |       |       |       |    48 |   225 |   108 |   228 |   246 |   122 ||   977
         Ozocubu's Armour  |       |       |       |     2 |    14 |    20 |    15 |     3 |     4 ||    58
         Apportation       |       |       |       |       |    24 |     1 |       |     2 |     3 ||    30
         Iskenderun's Myst |       |       |       |       |    47 |   103 |    47 |    88 |    13 ||   298
         Ignite Poison     |       |       |       |       |   109 |    97 |   209 |   225 |    88 ||   728
         Passage of Golubr |       |       |       |       |     4 |     5 |     2 |     2 |     5 ||    18
         Dispersal         |       |       |       |       |       |    15 |       |    45 |    37 ||    97
         Summon Forest     |       |       |       |       |       |    19 |    28 |    67 |    39 ||   153
         Frozen Ramparts   |       |       |       |       |       |    12 |    16 |    13 |    10 ||    51
         Stone Arrow       |       |       |       |       |       |       |       |   378 |   457 ||   835
         Animate Armour    |       |       |       |       |       |       |       |    52 |   160 ||   212
         Vhi's Electric Ch |       |       |       |       |       |       |       |       |    10 ||    10
         Borgnjor's Vile C |       |       |       |       |       |       |       |       |     4 ||     4
         Disjunction       |       |       |       |       |       |       |       |       |     3 ||     3
         Lee's Rapid Decon |       |       |       |       |       |       |       |       |     2 ||     2
 Invoke: Shadow Step       |       |       |       |       |     1 |     5 |     1 |     5 |     2 ||    14
         Shadow Form       |       |       |       |       |       |     3 |     2 |     2 |     3 ||    10
Ability: Evoke Blink       |       |       |     1 |     9 |    12 |     6 |     5 |     9 |    21 ||    63
  Evoke: Wand              |       |     2 |     2 |     1 |    12 |    17 |     2 |     7 |     4 ||    47
         Box of beasts     |       |       |       |       |     2 |     1 |     2 |       |     1 ||     6
         Tin of tremorston |       |       |       |       |       |       |       |     1 |     2 ||     3
         Phantom mirror    |       |       |       |       |       |       |       |       |     2 ||     2
         Horn of Geryon    |       |       |       |       |       |       |       |       |     1 ||     1
    Use: Potion            |     1 |       |     7 |     2 |     4 |    21 |     9 |     9 |    12 ||    65
         Scroll            |       |     2 |     7 |     8 |    12 |     9 |     3 |    12 |     6 ||    59
   Stab: Sleeping          |     2 |    36 |    11 |    23 |    32 |    52 |    86 |    20 |    19 ||   281
         Distracted        |       |     2 |       |     4 |     1 |     6 |    15 |    26 |    17 ||    71
         Invisible         |       |       |     2 |       |       |     1 |       |     2 |     2 ||     7
         Confused          |       |       |       |       |       |       |       |     2 |       ||     2
 Armour: Robe              |     1 |    11 |     6 |       |    43 |    63 |    25 |       |       ||   149
         Steam dragon scal |       |       |     6 |    45 |     2 |       |       |       |       ||    53
         Pearl dragon scal |       |       |       |       |       |       |    49 |   247 |   206 ||   502
  Dodge: Dodged            |    22 |   150 |   258 |   614 |   552 |   607 |   665 |   966 |   794 ||  4628
  Block: Buckler           |       |       |       |       |    50 |   273 |   335 |   470 |   341 ||  1469

Table legend: (Time is in decaauts)
 A = Elapsed time spent in this place.
 B = Non-inter-level travel time spent in this place.
 C = Inter-level travel time spent in this place.
 D = Time resting spent in this place.
 E = Time spent auto-exploring this place.
 F = Levels seen in this place.
 G = Mean time per level.
                   A        B        C        D        E       F      G
               +--------+--------+--------+--------+--------+-----+--------+
         Total |  76981 |  70341 |   6640 |  30006 |  14678 |  70 | 1099.7 |
       Dungeon |  16660 |  13859 |   2801 |   3607 |   4334 |  15 | 1110.7 |
        Temple |      1 |      1 |      0 |      0 |      0 |   1 |    1.0 |
          Lair |   4950 |   4139 |    811 |   1064 |   1413 |   5 |  990.0 |
         Swamp |   4582 |   4354 |    228 |   1940 |    874 |   4 | 1145.5 |
     Snake Pit |   5777 |   5476 |    301 |   2381 |   1236 |   4 | 1444.2 |
  Orcish Mines |   2872 |   2540 |    332 |    827 |    644 |   2 | 1436.0 |
   Elven Halls |   3326 |   3094 |    232 |   1161 |    865 |   3 | 1108.7 |
        Vaults |   8444 |   8128 |    316 |   3581 |   2045 |   4 | 2111.0 |
         Crypt |   3998 |   3848 |    150 |   1225 |   1129 |   3 | 1332.7 |
          Tomb |    321 |    321 |      0 |     29 |      0 |   1 |  321.0 |
        Depths |  10321 |   9462 |    859 |   4807 |   1397 |   4 | 2580.2 |
          Hell |    891 |    842 |     49 |    294 |    107 |   1 |  891.0 |
           Zot |  11981 |  11423 |    558 |   7896 |    309 |   5 | 2396.2 |
         Abyss |    841 |    841 |      0 |    256 |      0 |   4 |  210.2 |
      Ziggurat |   1258 |   1258 |      0 |    780 |    155 |  10 |  125.8 |
        Bazaar |    221 |    221 |      0 |     84 |     39 |   1 |  221.0 |
         Trove |     85 |     85 |      0 |      0 |     21 |   1 |   85.0 |
        Wizlab |    242 |    242 |      0 |      4 |    106 |   1 |  242.0 |
      Gauntlet |    203 |    203 |      0 |     65 |      0 |   1 |  203.0 |
               +--------+--------+--------+--------+--------+-----+--------+

Top non-repeatable levels by time:
   Zot:3: 5381 daAuts
Depths:4: 3169 daAuts
Depths:2: 3126 daAuts
   Zot:1: 2662 daAuts
Vaults:1: 2658 daAuts
Depths:3: 2530 daAuts
Vaults:3: 2435 daAuts
   Orc:2: 2124 daAuts
    D:14: 2047 daAuts
   Elf:3: 1941 daAuts
Vaults:2: 1815 daAuts
 Crypt:3: 1718 daAuts
   Zot:4: 1703 daAuts
 Snake:1: 1687 daAuts
 Snake:4: 1583 daAuts
